 Dungeon Crawl Stone Soup version 0.21.1-1-g345015f (webtiles) character file.

350 tester123 the Ducker (level 6, -8/29 HPs)
             Began as a Felid Monk on July 25, 2018.
             Killed by divine providence
             ... invoked by an orc priest
              (11 damage)
             ... on level 3 of the Dungeon.
             The game lasted 00:26:35 (4689 turns).

tester123 the Ducker (Felid Monk)                   Turns: 4689, Time: 00:26:36

Health: -8/29      AC:  2    Str:  8    XL:     6   Next: 33%
Magic:  7/7        EV: 22    Int: 11    God:
Gold:   245        SH:  0    Dex: 20    Spells: 5/5 levels left
                                        Lives:  0   Deaths: 1

rFire    . . .     SeeInvis +     - Unarmed
rCold    . . .     Gourm    .   (shield unavailable)
rNeg     . . .     Faith    .   (armour unavailable)
rPois    .         Spirit   .   (helmet unavailable)
rElec    .         Reflect  .   (cloak unavailable)
rCorr    .         Harm     .   (gloves unavailable)
MR       .....                  (boots unavailable)
Stlth    ++++......             (no amulet)
HPRegen  0.09/turn              (no ring)
MPRegen  0.10/turn              (no ring)

@: quick
A: very small, no armour, no weapons or thrown items, stealth, claws 1, fangs 3,
see invisible, carnivore, speed 1, shaggy fur 2, slow metabolism 1, sharp paws
a: no special abilities


You were on level 3 of the Dungeon.
You were very full.

You visited 1 branch of the dungeon, and saw 5 of its levels.

You collected 245 gold pieces.

Inventory:

Jewellery
 g - a +6 ring of protection {unknown}
 j - a cursed amulet of inaccuracy {unknown}
Wands
 o - a wand of acid (6)
Scrolls
 c - a scroll of immolation {unknown}
 e - 4 scrolls of teleportation
 f - 2 scrolls of enchant weapon {unknown}
 h - 2 scrolls of remove curse {unknown}
 i - 2 scrolls of identify
 m - a scroll of fear {unknown}
 n - a scroll of enchant armour {unknown}
 q - a scroll of magic mapping {unknown}
Potions
 b - 2 potions of lignification
 d - a potion of might {unknown}
 l - a potion of invisibility {unknown}
 s - a potion of degeneration {unknown}
Books
 k - a book of Frost

   Spells                             Type                      Level
   a - Freeze                         Ice                          1
   b - Throw Frost                    Conjuration/Ice              2
   c - Ozocubu's Armour               Charms/Ice                   3
   d - Throw Icicle                   Conjuration/Ice              4
   e - Summon Ice Beast               Ice/Summoning                4
 r - a book of Changes

   Spells                             Type                      Level
   a - Beastly Appendage              Transmutation                1
   b - Sticks to Snakes               Transmutation                2
   c - Spider Form                    Transmutation/Poison         3
   d - Ice Form                       Ice/Transmutation            4
   e - Blade Hands                    Transmutation                5
Comestibles
 a - 6 rations


   Skills:
 + Level 4.4 Fighting
 + Level 5.9 Dodging
 + Level 5.4 Stealth
 + Level 4.5 Unarmed Combat


You had 5 spell levels left.
You didn't know any spells.

Dungeon Overview and Level Annotations

Branches:
Dungeon (5/15)
 Temple: D:4-7

Altars:
Okawaru
Trog

Annotations:
D:5 Pikel


Innate Abilities, Weirdness & Mutations

You cannot wear armour.
You are incapable of wielding weapons or throwing items.
Your paws allow you to move quietly. (Stealth)
You have sharp claws.
You have razor-sharp teeth.
You have supernaturally acute eyesight. (SInv)
You are carnivorous and can eat meat at any time.
You cover ground quickly.
You are covered in thick fur. (AC +2)
You have a slow metabolism.
Your sharp claws are effective at attacking unaware monsters.


Message History

You barely miss the orc. The orc completely misses you.
You claw the orc!
You kill the orc!
You start resting.
You start resting.
HP restored.
The orc priest shouts!
The orc priest hits you with a club.
You scratch the orc priest but do no damage.
The orc priest invokes the aid of Beogh against you.
Beogh smites you!
You are too injured to fight recklessly!
You are too injured to fight recklessly!
You are too injured to fight recklessly!
The orc priest mumbles some strange prayers to Beogh against you.
Beogh smites you!
* * * LOW HITPOINT WARNING * * *
The orc priest calls down the wrath of Beogh upon you.
Beogh smites you!
You die...

#o# #.###..##.....#...... #.#
#...#.#............#. #.#
#)................. #.#
#o....#...<##...<..
#.#######.#...#...).#......
#.##..)..........#.........
#o...#####.##.....##.......
#........#.###.#..##..#....
##.........@###....##.##....
#........)#.....#..##>##.#..
#.#.......#####....##..#....
##...##..### #..............
##...####..# ##...........#..
#..........####....(.......#..
#...######...................(
#.........##..#.....(.........
#...#####.....#(..............


You could see an orc priest.

Vanquished Creatures
  2 orc priests (D:3)
  A centaur skeleton (D:3)
  A bullfrog skeleton (D:4)
  A hound (D:4)
  Natasha (thrice) (D:3)
  A worker ant (D:4)
  7 adders
  An ooze (D:2)
  A dart slug (D:2)
  2 leopard geckos
  8 orcs
  3 ball pythons
  2 giant cockroaches
  4 goblins
  8 hobgoblins
  7 jackals (D:4)
  10 kobolds
  5 bats
  5 frilled lizards
  10 rats
82 creatures vanquished.

Notes
Turn   | Place    | Note
-------+----------+-------------------------------------------
     0 | D:1      | tester123 the Felid Monk began the quest for the Orb.
     0 | D:1      | Reached XP level 1. HP: 10/10 MP: 2/2
   307 | D:1      | Reached XP level 2. HP: 11/14 MP: 3/3
   843 | D:2      | Reached XP level 3. HP: 17/17 MP: 4/4
   980 | D:2      | Found a bloodstained altar of Trog.
  1317 | D:3      | Noticed Natasha
  1584 | D:3      | Reached XP level 4. HP: 21/21 MP: 5/5
  1624 | D:3      | HP: 1/21 [orc priest/flail (10)]
  1626 | D:3      | Killed from afar by an orc priest
  1627 | D:3      | Reached XP level 3. HP: -10/17 MP: 4/4
  1669 | D:3      | You fall through a shaft for 2 floors!
  1669 | D:5      | Entered Level 5 of the Dungeon
  1669 | D:5      | Noticed Pikel
  1669 | D:5      | Noticed a slave
  1669 | D:5      | Noticed a slave
  1670 | D:5      | Found an iron altar of Okawaru.
  1931 | D:4      | Reached skill level 5 in Dodging
  1931 | D:4      | Reached XP level 4. HP: 19/22 MP: 5/5
  2587 | D:4      | Reached XP level 5. HP: 12/25 MP: 6/6
  3414 | D:3      | Reached skill level 5 in Stealth
  3598 | D:3      | Killed Natasha
  3749 | D:3      | Gained mutation: You are covered in thick fur. (AC +2) [Felid growth]
  3749 | D:3      | Reached XP level 6. HP: 10/28 MP: 7/7
  3788 | D:3      | Noticed Natasha
  3892 | D:3      | Killed Natasha
  3901 | D:3      | Noticed Natasha
  4238 | D:3      | Killed Natasha
  4689 | D:3      | Killed from afar by an orc priest

Skill      XL: |  1  2  3  4  5 |
---------------+----------------+-----
Stealth        | 3 4 5 |  5.4
Dodging        | 5 |  5.9
Unarmed Combat | 4 |  4.5
Fighting       | 4 |  4.4

Action                   |  1- 3 |  4- 6 || total
-------------------------+-------+-------++-------
Melee: Unarmed           |   115 |   163 ||   278
       Bite              |     8 |    14 ||    22
       Punch             |     4 |     3 ||     7
  Use: Scroll            |       |     3 ||     3
       Potion            |       |     2 ||     2
 Stab: Sleeping          |    16 |     4 ||    20
       Distracted        |     1 |       ||     1
  Eat: Chunk             |    12 |     7 ||    19
Armor: Skin              |     1 |     2 ||     3
Dodge: Dodged            |    73 |   119 ||   192
